Map: Lost and Found LE

Players

Yoonmi

  • Race: Zerg Zerg
  • League: Master
  • Spawn Location: 1:00

DirDevil - Winner!

  • Race: Protoss Protoss
  • League: Master
  • Spawn Location: 7:00

VOD

Have the link to the VOD?

Description

Time

  • Played on: July 20, 2018, 9:12 a.m.
  • Length: 7:48
Show
View Real Time Build Order
Export as new Build Order

Yoonmi Zerg 

Build Orders: Hatch First 

Get SALT Encoding   

  12  0:00  Drone  
  13  0:12  Overlord  
  13  0:17  Drone  
  14  0:31  Drone x2  
  14  0:34  Drone  
  17  0:51  Hatchery  
  17  0:55  Drone  
  17  0:59  Drone  
  17  1:03  Extractor  
  17  1:07  Drone  
  18  1:18  Spawning Pool  
  18  1:20  Drone  
  18  1:28  Drone  
  19  1:38  Overlord  
  19  1:50  Drone  
  20  2:01  Drone  
  21  2:05  Metabolic Boost  
  21  2:06  Queen x2  
  25  2:09  Drone  
  25  2:12  Drone  
  27  2:15  Drone  
  29  2:22  Drone  
  29  2:29  Baneling Nest  
  28  2:31  Zergling x2  
  28  2:33  Zergling x2  
  30  2:38  Zergling x2  
  31  2:46  Zergling x2  
  31  2:50  Zergling x2  
  33  2:57  Hatchery  
  33  2:58  Zergling x4  
  34  3:11  Overlord  
  33  3:23  Zergling x6  
  36  3:35  Baneling x7  
  36  3:39  Overlord x2  
  33  4:00  Drone x8  
  33  4:01  Drone x4  
  42  4:11  Drone x2  
  42  4:13  Lair  
  44  4:18  Extractor  
  43  4:25  Drone x4  
  43  4:28  Evolution Chamber  
  43  4:30  Extractor  
  45  4:32  Drone x3  
  48  4:39  Drone x4  
  52  4:46  Spore Crawler  
  52  4:48  Spore Crawler  
  50  4:56  Zerg Missile Weapons Level 1  
  49  5:00  Extractor  
  49  5:01  Overlord  
  49  5:02  Overlord  
  49  5:07  Queen  
  46  5:09  Zergling x4  
  46  5:11  Overlord x3  
  50  5:16  Hydralisk Den  
  50  5:17  Drone  
  50  5:22  Drone  
  50  5:23  Drone x2  
  53  5:29  Drone x2  
  53  5:31  Drone  
  53  5:32  Drone x4  
  60  5:39  Drone x5  
  65  5:49  Grooved Spines  
  65  5:54  Hydralisk x4  
  73  5:59  Hydralisk x2  
  76  6:04  Hydralisk  
  76  6:07  Overlord x2  
  78  6:16  Hydralisk x2  
  81  6:24  Spine Crawler  
  81  6:25  Spine Crawler, Hydralisk x2, Overlord x2  
  79  6:29  Hydralisk  
  85  6:33  Hydralisk  
  87  6:40  Hydralisk x2  
  87  6:41  Spine Crawler  
  90  6:47  Hydralisk  
  90  6:52  Zergling x16  
  90  6:53  Spine Crawler  
  68  7:11  Hydralisk x5  
  55  7:23  Hydralisk x3  
Show
View Real Time Build Order
Export as new Build Order

DirDevil Protoss - Winner!

Build Orders: 1 Gate Expand, Oracle Opening, Phoenix Opening 

Get SALT Encoding   

  12  0:02  Probe  
  14  0:14  Probe  
  14  0:21  Pylon  
  14  0:26  Probe  
  15  0:35  Probe  
  16  0:44  Probe  
  16  0:45  Gateway  
  17  0:54  Probe, Assimilator  
  18  1:07  Probe  
  19  1:19  Probe  
  20  1:28  Nexus  
  20  1:37  Cybernetics Core  
  21  1:40  Probe  
  21  1:48  Assimilator  
  21  1:51  Pylon  
  21  1:53  Probe  
  22  2:04  Adept  
  22  2:05  Probe  
  25  2:18  Stargate  
  25  2:21  Probe  
  26  2:30  Adept  
  26  2:32  Warp Gate  
  26  2:33  Probe  
  29  2:42  Probe  
  30  2:45  Probe  
  31  2:54  Probe, Phoenix  
  31  2:57  Probe  
  35  3:08  Probe  
  35  3:09  Probe  
  37  3:13  Oracle  
  40  3:29  Sentry  
  40  3:31  Pylon  
  40  3:33  Pylon  
  40  3:53  Sentry  
  40  4:10  Probe x2  
  40  4:13  Assimilator  
  40  4:15  Assimilator  
  40  4:16  Pylon  
  42  4:18  Gateway x2  
  42  4:19  Robotics Facility  
  42  4:21  Gateway  
  42  4:22  Probe x2  
  44  4:34  Probe x2  
  44  4:38  Pylon  
  46  4:46  Probe  
  46  4:47  Probe  
  48  4:58  Probe  
  48  4:59  Probe  
  50  5:00  Immortal  
  50  5:11  Probe x2  
  50  5:12  Sentry  
  58  5:17  Gateway  
  58  5:19  Gateway  
  58  5:20  Sentry x2  
  62  5:21  Gateway  
  62  5:23  Pylon, Probe x2  
  62  5:25  Pylon  
  62  5:28  Gateway  
  64  5:29  Sentry  
  64  5:31  Warp Prism  
  64  5:34  Pylon  
  67  5:36  Pylon  
  67  5:39  Pylon  
  68  5:47  Stalker  
  68  5:48  Stalker  
  72  5:58  Pylon  
  72  5:59  Stalker x2  
  76  6:11  Stalker x2  
  80  6:32  Stalker  
  80  6:33  Stalker  
  80  6:39  Stalker x2  
  88  6:43  Stalker x4  
  86  7:07  Adept x2  
  86  7:08  Adept x6  
  78  7:29  Stalker x5  
  84  7:30  Adept  
  86  7:42  Adept x2  
Tags
 
Add a new tag
Caveats
  • Supply blocks, unpowered buildings, or Contaminate may cause inaccurate times.
  • Supply counts are checked every 10 seconds.